 Dungeon Crawl Stone Soup version 0.29-a0-25-g7f48f510a0 (webtiles) character file.

Game seed: 8227799229285171388

10209 browni3141 the Destroyer (level 11, -1/81 HPs)
             Began as a Demigod Conjurer on Jan 31, 2022.
             Slain by a wraith (2 damage)
             ... led by Josephine
             ... on level 10 of the Dungeon.
             The game lasted 00:36:37 (15319 turns).

browni3141 the Destroyer (Demigod Conjurer)        Turns: 15319, Time: 00:36:37

Health: -1/81      AC: 10    Str: 16    XL:     11   Next: 11%
Magic:  0/22       EV: 11    Int: 24    God:
Gold:   487        SH: 10    Dex: 18    Spells: 10/20 levels left

rFire   . . .      SeeInvis +   a - +2 short sword (venom)
rCold   + + +      Faith    .   w - +0 kite shield
rNeg    . . .      Spirit   +   d - +4 skin of Zhor {*Englaciate rC+++ SInv}
rPois   .          Reflect  .   o - +0 helmet
rElec   .          Harm     .   x - +2 cloak
rCorr   .          Rampage  .   (no gloves)
Will    +....                   (no boots)
Stlth   ++........              L - amulet of guardian spirit
HPRegen 0.23/turn               k - ring of flight
MPRegen 0.18/turn               s - +6 ring of dexterity

@: flying, hasted and slowed
A: high MP 1, forlorn, divine attributes
a: no special abilities


You were on level 10 of the Dungeon.
You visited 1 branch of the dungeon, and saw 10 of its levels.

You collected 539 gold pieces.
You spent 52 gold pieces at shops.

Inventory:

Hand Weapons
 a - a +2 short sword of venom (weapon)
 K - a +2 scimitar of flaming
Missiles
 i - 3 javelins
 D - 3 throwing nets
Armour
 d - the +4 skin of Zhor (worn) {*Englaciate rC+++ SInv}
   (You found it on level 7 of the Dungeon)

   It radiates cold, occasionally slowing all nearby creatures who are not
   resistant to cold.
   rC:        It renders you almost immune to cold.
   SInv:      It lets you see invisible.
 h - a +0 cloak
 j - a +0 robe
 o - a +0 helmet (worn)
 p - a +0 scale mail
 q - a +0 ring mail
 r - a +0 chain mail
 u - the +3 robe of Upow {rElec Regen+}
   (You took it off an orc on level 6 of the Dungeon)

   rElec:     It insulates you from electricity.
   Regen:     It increases your rate of health regeneration.
 w - a +0 kite shield (worn)
 x - a +2 cloak (worn)
 J - a +3 chain mail of willpower
Jewellery
 k - a ring of flight (left hand)
 m - a ring of ice
 s - a +6 ring of dexterity (right hand)
 L - an amulet of guardian spirit (around neck)
 N - a ring of ice
Wands
 n - a wand of flame (39)
 B - a wand of mindburst (12)
 G - a wand of acid (3)
 M - a wand of polymorph (12)
Scrolls
 b - 2 scrolls of amnesia
 e - a scroll of brand weapon
 f - a scroll of vulnerability
 l - a scroll of enchant weapon
 v - a scroll of magic mapping
 y - a scroll of holy word {unknown}
 z - a scroll of enchant armour {unknown}
 C - 2 scrolls of teleportation
Potions
 c - 4 potions of flight
 g - 2 potions of curing
 t - 3 potions of attraction {unknown}
 A - a potion of experience {unknown}
 F - a potion of ambrosia {unknown}
 H - a potion of magic {unknown}
 I - a potion of mutation {unknown}


   Skills:
 + Level 2.9 Fighting
 - Level 3.0(3.4) Short Blades
 * Level 2.5(3.2) Long Blades
 + Level 5.4 Armour
 - Level 2.0 Dodging
 - Level 2.0 Stealth
 - Level 5.0 Shields
 - Level 5.0 Spellcasting
 - Level 12.0 Conjurations
 - Level 5.0 Hexes


You had 10 spell levels left.
You knew the following spells:

 Your Spells              Type           Power      Damage    Failure   Level
a - Magic Dart            Conj           100%       1d8       1%          1
b - Searing Ray           Conj           100%       2d8       1%          2
c - Dazzling Flash        Conj/Hex       92%        N/A       2%          3
d - Fulminant Prism       Conj/Hex       23%        3d13      8%          4

Your spell library contained the following spells:

 Spells                   Type           Power      Damage    Failure   Level
 Static Discharge         Conj/Air       34%        N/A       3%          2
 Iskenderun's Mystic Bla  Conj/Tloc      34%        2d8       21%         4
 Sticky Flame             Conj/Fire      34%        2d5       21%         4
 Portal Projectile        Hex/Tloc       36%        N/A       26%         3
 Corpse Rot               Necr/Air       12%        N/A       36%         2
 Poisonous Vapours        Pois/Air       12%        N/A       36%         2
 Lightning Bolt           Conj/Air       17%        1d31      50%         5
 Call Canine Familiar     Summ           6%         N/A       58%         3
 Gell's Gravitas          Tloc           6%         N/A       58%         3
 Lesser Beckoning         Tloc           6%         N/A       58%         3
 Teleport Other           Tloc           6%         N/A       58%         3
 Leda's Liquefaction      Hex/Erth       9%         N/A       65%         4
 Airstrike                Air            3%         N/A       94%         4
 Dispel Undead            Necr           6%         3d8       94%         4
 Summon Lightning Spire   Summ/Air       6%         N/A       94%         4


Dungeon Overview and Level Annotations

Branches:
Dungeon (10/15)            Temple (0/1) D:7
   Lair: D:8-11         Orc: D:9-12

Shops:
D:3 !((

Annotations:
D:3 1 runed translucent door, Bediveer's ghost, amateur OpTm
D:6 3 runed translucent doors, miscthings's ghost, novice DjCj
D:7 exclusion: door


Innate Abilities, Weirdness & Mutations

You have an increased reservoir of magic. (+10% MP)
You shall have no god before yourself.
Your divine heritage dramatically boosts your attributes as you level up.


Message History

Your fulminant prism crackles loudly.
You block the wraith's attack. x2
The wraith hits you!
* * * LOW HITPOINT WARNING * * *
The wraith misses you.
Your fulminant prism explodes!
The blast of energy engulfs the wraith.
You destroy the wraith!
The blast of energy engulfs the wraith.
The wraith is heavily damaged.
The blast of energy engulfs the wraith!
The wraith is moderately damaged.
The wraith hits you.
* * * LOW HITPOINT WARNING * * *
The wraith drains your vigour!
You feel as though you will be slow longer.
The wraith hits you.
* * * LOW HITPOINT WARNING * * *
The wraith drains your vigour!
You feel as though you will be slow longer.
The wraith hits you but does no damage.
Unknown command.
You feel yourself speed up. The wraith hits you.
* * * LOW HITPOINT WARNING * * *
The wraith drains your vigour!
You feel as though you will be slow longer.
The wraith hits you!
* * * LOW HITPOINT WARNING * * *
The wraith drains your vigour!
You feel as though you will be slow longer.
The wraith hits you but does no damage. The wraith barely misses you.
The wraith hits you.
* * * LOW HITPOINT WARNING * * *
Unknown command.
You feel better. The wraith hits you!
* * * LOW HITPOINT WARNING * * *
The wraith drains your vigour!
You feel as though you will be slow longer.
The wraith hits you.
You die...

#... #..# #... #..# #...
#..# #.[. #..# #... #..#
#... #..#
####..)###############..##
.........W................
........W@................
########W#################
#.# #.# #.#
#.#################
...................
............#######
########...#


You could see 3 wraiths.

Vanquished Creatures
  Fannar (D:10)
  Josephine (D:10)
  Harold (D:9)
  Erica (D:10)
  Pikel (D:5)
  2 centaur zombies
  3 rime drakes (D:7)
  Prince Ribbit (D:5)
  Sigmund (D:5)
  A shadow (D:10)
  2 wyverns (D:9)
  2 wraiths
  9 yaks
  Eustachio (D:5)
  A steam dragon (D:8)
  Edmund (D:4)
  5 necrophages
  2 orc warriors
  An ice beast (D:4)
  An ogre (D:3)
  5 centaurs
  2 phantoms (D:6)
  A lemure (D:5)
  A bullfrog (D:8)
  4 scorpions
  2 wyvern zombies
  17 wights
  A howler monkey (D:6)
  5 hounds
  3 jellies
  3 orc priests
  Crazy Yiuf (D:6)
  3 centaur skeletons
  3 gnoll shamans
  9 orc wizards
  An iguana (D:5)
  Robin (D:4)
  2 howler monkey zombies
  9 adders
  11 gnolls
  A howler monkey skeleton (D:4)
  2 white imps
  An ufetubus (D:6)
  An adder zombie (D:5)
  3 worms
  2 dart slugs
  26 orcs
  6 ball pythons
  4 bats
  7 endoplasms
  4 giant cockroaches
  12 goblins
  14 hobgoblins
  10 kobolds
  3 quokkas
  2 frilled lizards (D:1)
  8 rats
228 creatures vanquished.

Vanquished Creatures (others)
  A wizard (D:8)
  37 fulminant prisms
  6 fungi (D:6)
  2 plants (D:6)
46 creatures vanquished.

Grand Total: 274 creatures vanquished

Notes
Turn   | Place    | Note
-------+----------+-------------------------------------------
     0 | D:1      | browni3141 the Demigod Conjurer began the quest for the
                  | Orb.
     0 | D:1      | Reached XP level 1. HP: 14/14 MP: 5/5
   381 | D:1      | Reached skill level 4 in Conjurations
   445 | D:1      | Reached XP level 2. HP: 20/20 MP: 1/7
   454 | D:1      | Learned a level 2 spell: Searing Ray
  1573 | D:2      | Reached XP level 3. HP: 26/26 MP: 3/8
  1707 | D:2      | Reached skill level 5 in Conjurations
  2176 | D:2      | Reached skill level 1 in Fighting
  2783 | D:3      | Found Viakhi's Distillery.
  2804 | D:3      | Reached XP level 4. HP: 35/35 MP: 4/9
  3129 | D:3      | Bought a potion of curing for 39 gold pieces
  3129 | D:3      | Bought a potion of degeneration for 13 gold pieces
  3214 | D:3      | Found a runed translucent door.
  3214 | D:3      | Noticed Bediveer's ghost (amateur OpTm)
  3214 | D:3      | Noticed a black bear
  3306 | D:3      | Noticed an ogre
  3307 | D:3      | Found Ebbiwk's Weapon Emporium.
  3389 | D:3      | Killed an ogre
  3390 | D:3      | Reached XP level 5. HP: 41/41 MP: 1/10
  3760 | D:3      | Found Efiatu's Weapon Emporium.
  4071 | D:4      | Learned a level 3 spell: Dazzling Flash
  4199 | D:4      | Reached XP level 6. HP: 45/48 MP: 6/12
  4335 | D:4      | Reached skill level 1 in Hexes
  4529 | D:4      | Noticed Robin
  4845 | D:4      | Killed Robin
  5266 | D:5      | Entered Level 5 of the Dungeon
  5266 | D:5      | Noticed Prince Ribbit
  5299 | D:5      | Noticed Edmund
  5498 | D:4      | Killed Edmund
  5671 | D:5      | Killed Prince Ribbit
  5672 | D:5      | Reached skill level 6 in Conjurations
  5672 | D:5      | Reached XP level 7. HP: 49/55 MP: 3/14
  6460 | D:5      | Noticed Sigmund
  6615 | D:4      | Reached skill level 7 in Conjurations
  6768 | D:5      | Noticed Eustachio
  6798 | D:5      | Killed Eustachio
  6993 | D:5      | Reached XP level 8. HP: 57/61 MP: 13/16
  7158 | D:5      | Learned a level 4 spell: Fulminant Prism
  7354 | D:5      | Killed Sigmund
  7355 | D:5      | Reached skill level 8 in Conjurations
  8017 | D:6      | Reached skill level 9 in Conjurations
  8194 | D:6      | Noticed Pikel
  8201 | D:6      | Identified the +3 robe of Upow {rElec Regen+}
  8248 | D:5      | Killed Pikel
  8249 | D:5      | Reached XP level 9. HP: 23/67 MP: 1/18
  8517 | D:6      | Reached skill level 10 in Conjurations
  8635 | D:6      | Found a runed translucent gate.
  8635 | D:6      | Found a runed translucent gate.
  8635 | D:6      | Found a runed translucent gate.
  8638 | D:6      | Noticed miscthings's ghost (novice DjCj)
  8659 | D:6      | Reached skill level 1 in Armour
  9437 | D:6      | Found a runed translucent door.
  9438 | D:6      | Noticed Crazy Yiuf
  9458 | D:6      | Killed Crazy Yiuf
  9723 | D:7      | Reached skill level 5 in Armour
  9723 | D:7      | Reached skill level 1 in Shields
  9903 | D:7      | Found a staircase to the Ecumenical Temple.
  9930 | D:7      | Noticed a rime drake
  9933 | D:7      | Noticed a rime drake
  9933 | D:7      | Noticed a rime drake
  9940 | D:7      | Found the +4 skin of Zhor {*Englaciate rC+++ SInv}
 10351 | D:7      | Killed a rime drake
 10351 | D:7      | Killed a rime drake
 10352 | D:7      | Reached skill level 5 in Shields
 10352 | D:7      | Reached XP level 10. HP: 73/73 MP: 14/19
 11480 | D:8      | Noticed a wizard
 11485 | D:8      | Killed a wizard
 12000 | D:8      | Identified the +0 pair of boots "Bojixt" {rElec Regen+
                  | rCorr Dex-3}
 12251 | D:8      | Reached skill level 5 in Hexes
 12592 | D:8      | Reached skill level 5 in Spellcasting
 13418 | D:9      | Reached skill level 11 in Conjurations
 13855 | D:9      | Noticed Harold
 14482 | D:9      | Killed Harold
 14749 | D:10     | Entered Level 10 of the Dungeon
 14881 | D:10     | Noticed Erica
 14896 | D:10     | Killed Erica
 14897 | D:10     | Reached skill level 12 in Conjurations
 15088 | D:10     | Noticed Fannar
 15103 | D:10     | Killed Fannar
 15104 | D:10     | Reached skill level 1 in Long Blades
 15104 | D:10     | Reached XP level 11. HP: 77/80 MP: 2/22
 15305 | D:10     | Noticed Josephine
 15312 | D:10     | Killed Josephine
 15318 | D:10     | HP: 1/81 [wraith[Josephine] (4)]
 15319 | D:10     | Slain by a wraith

Illustrated notes

Levels and vault maps discovered:
D:1:      grunt_arrival_crossed_arrows, layout_loops_ring, nrook_mini_backslash,
          minmay_distorted
D:2:      layout_basic, basic_altar, minmay_misc_feat_enclosed
D:3:      layout_basic, chequers_temple_overflow_minitemple,
          ebering_ghost_inner_flame, hellmonk_ecumenical_altar_arch_garden,
          serial_shops, shop, nicolae_shop_stone, nicolae_shop_behind_doors
D:4:      layout_rooms, lemuel_doored_altar, uniq_robin
D:5:      layout_rooms, chequers_serial_rivers_micro_e,
          amcnicky_mini_pool_medium, uniq_edmund, uniq_prince_ribbit1,
          uniq_sigmund, uniq_eustachio
D:6:      layout_cave_pools, mainiacjoe_overflow_paths, amcnicky_altar_gilded,
          overflow_temple_1_default, gammafunk_ghost_nasty_kobolds,
          minmay_crystal_water, uniq_crazy_yiuf_cottage, uniq_pikel
D:7:      layout_rooms, kennysheep_orc_sif_temple, zin_academy,
          minmay_temple_entry_offerings, hellmonk_guarded_unrand_zhor
D:8:      layout_basic, lemuel_coloured_pillars_altar, trog_wizard,
          serial_co_window_serial, co_window_paths_a,
          co_window_of_opportunity_a, co_window_corner_a, co_window_paths_b,
          co_window_paths_a, co_window_2corner, co_window_corner_cb,
          co_window_of_opportunity_b, glass_columns_a, glass_columns_b,
          glass_columns_a
D:9:      layout_layer_cave, kennysheep_mini_moat,
          nemelex_xobeh_ov_fountains_minmay, uniq_harold
D:10:     layout_long_grid, patterned_corridor, uniq_fannar, uniq_erica,
          uniq_josephine

Skill      XL: |  1  2  3  4  5  6  7  8  9 10 11 |
---------------+----------------------------------+-----
Conjurations   | 4 5 6 7 9 10 12 | 12.0
Fighting       | 1 2 |  2.9
Spellcasting   | 2 3 4 5 |  5.0
Short Blades   | 2 3 |  3.0
Dodging        | 2 |  2.0
Stealth        | 2 |  2.0
Hexes          | 2 4 5 |  5.0
Armour         | 5 |  5.4
Shields        | 5 |  5.0
Long Blades    | 1 2 |  2.5

Action                   |  1- 3 |  4- 6 |  7- 9 | 10-12 || total
-------------------------+-------+-------+-------+-------++-------
Melee: Short sword       |    60 |    28 |   155 |   152 ||   395
 Cast: Magic Dart        |    63 |    88 |    87 |    95 ||   333
       Searing Ray       |       |    10 |    20 |    19 ||    49
       Fulminant Prism   |       |       |    11 |    26 ||    37
       Dazzling Flash    |       |       |     1 |     6 ||     7
Evoke: Wand              |       |       |     2 |     4 ||     6
  Use: Potion            |     3 |       |     1 |     2 ||     6
       Scroll            |       |     2 |     5 |     2 ||     9
 Stab: Sleeping          |     1 |       |       |     2 ||     3
       Distracted        |     1 |       |     1 |       ||     2
       Invisible         |       |       |     2 |     1 ||     3
Armor: Robe              |    12 |     7 |    39 |       ||    58
       Ring mail         |       |     1 |    55 |       ||    56
       Animal skin       |       |       |       |    56 ||    56
Dodge: Dodged            |    32 |    35 |   115 |    66 ||   248
Block: Kite shield       |       |       |    38 |   124 ||   162

Table legend: (Time is in decaauts)
 A = Elapsed time spent in this place.
 B = Non-inter-level travel time spent in this place.
 C = Inter-level travel time spent in this place.
 D = Time resting spent in this place.
 E = Time spent auto-exploring this place.
 F = Levels seen in this place.
 G = Mean time per level.
                   A        B        C        D        E       F      G
               +--------+--------+--------+--------+--------+-----+--------+
         Total |  15418 |  14648 |    770 |   3458 |   8451 |  10 | 1541.8 |
       Dungeon |  15418 |  14648 |    770 |   3458 |   8451 |  10 | 1541.8 |
               +--------+--------+--------+--------+--------+-----+--------+

Top non-repeatable levels by time:
     D:4: 2205 daAuts
     D:9: 2085 daAuts
     D:8: 1839 daAuts
     D:6: 1645 daAuts
     D:1: 1569 daAuts
     D:5: 1513 daAuts
     D:3: 1503 daAuts
     D:2: 1364 daAuts
     D:7: 1087 daAuts
    D:10: 604 daAuts
